 Dungeon Crawl Stone Soup version 0.21-a0-29-g43b3074 (webtiles) character file.

520 grindst0ne the Skirmisher (level 7, -4/59 HPs)
             Began as a Formicid Fighter on May 26, 2017.
             Slain by Duvessa
             ... wielding a +0 short sword
              (12 damage)
             ... on level 4 of the Dungeon.
             The game lasted 00:05:32 (2646 turns).

grindst0ne the Skirmisher (Formicid Fighter)        Turns: 2646, Time: 00:05:32

Health: -4/59      AC:  8    Str: 20    XL:     7   Next: 45%
Magic:  7/7        EV:  7    Int:  8    God:
Gold:   90         SH:  9    Dex: 12    Spells: 6/6 levels left

rFire    . . .     SeeInvis +   a - +0 war axe
rCold    . . .     Gourm    .   c - +0 shield
rNeg     . . .     Faith    .   b - +0 scale mail
rPois    .         Spirit   .   (helmet unavailable)
rElec    .         Reflect  .   i - +0 cloak
rCorr    .         Harm     .   (no gloves)
MR       .....                  (no boots)
Stlth    ..........             (no amulet)
Regen    0.2/turn               (no ring)
MPRegen  0.1/turn               (no ring)

@: lethally poisoned (-4 -> -10)
A: permanent stasis, dig shafts and tunnels, four strong arms, antennae 3
a: Dig, Shaft Self


You were on level 4 of the Dungeon.
You were hungry.

You visited 1 branch of the dungeon, and saw 4 of its levels.

You collected 90 gold pieces.

Inventory:

Hand Weapons
 a - a +0 war axe (weapon)
Armour
 b - a +0 scale mail (worn)
 c - a +0 shield (worn)
 i - a +0 cloak (worn)
Wands
 l - a wand of random effects (24/48)
 u - a wand of lightning (10/15)
 w - a wand of iceblast (10/15)
Scrolls
 e - a scroll of teleportation
 h - a scroll of magic mapping
 k - a scroll of amnesia
 n - a scroll of enchant weapon
 p - a scroll of remove curse
 v - a scroll of recharging
Potions
 d - 2 potions of might
 g - 2 potions of flight
 r - a potion of ambrosia
 s - 2 potions of lignification
 t - 3 potions of curing
Comestibles
 f - 3 bread rations
 m - 2 chunks of flesh
 o - 2 meat rations
 q - a royal jelly


   Skills:
 + Level 6.9 Fighting
 + Level 5.2 Axes
 - Level 3.2 Armour
 - Level 3.6 Shields


You had 6 spell levels left.
You didn't know any spells.

Dungeon Overview and Level Annotations

Branches:
Dungeon (4/15)
 Temple: D:4-7

Altars:
Fedhas
Hepliaklqana
Qazlal
Ru

Annotations:
D:4 Duvessa


Innate Abilities, Weirdness & Mutations

You cannot be hasted, slowed, berserked, paralysed or teleported.
You can dig through walls and to a lower floor.
Your four strong arms can wield two-handed weapons with a shield.
You have a pair of large antennae on your head. (SInv)


Message History

Duvessa hits you with a short sword.
Dowan points at you and mumbles some strange words.
The puff of flame hits you! Duvessa hits you with a short sword.
You hit Dowan.
You kill Dowan!
Duvessa screams, "No!
How DARE you!"
Duvessa goes berserk!
You hit Duvessa.
You feel sick. Duvessa hits you but does no damage. You block Duvessa's attack.
You closely miss Duvessa.
Duvessa is heavily wounded.
You feel sick. Duvessa barely misses you. You block Duvessa's attack.
You barely miss Duvessa.
Duvessa is heavily wounded.
You feel sick. Duvessa barely misses you.
You slash Duvessa!
Duvessa is severely wounded.
You feel sick. Duvessa hits you with a short sword!
* * * LOW HITPOINT WARNING * * *
Duvessa hits you but does no damage. Duvessa hits you with a short sword!
You die...

...........#
...........#
...........#
...........#
...........#####
######.........#
#...#.........#
#.>.'.........#
#.)@#.........#
#..e#>........#
#...#.........#
+...#.........#
#...#.........#
#...#.........#
#####...<.....#
######....#
#....#


You could see Duvessa (berserk).

Vanquished Creatures
  Sigmund (D:2)
  Dowan (D:4)
  The ghost of Nico3ck the Firebug, a weakling FoFE (D:3)
  A crimson imp (D:3)
  An orc wizard (D:2)
  Jessica (D:2)
  A hound skeleton (D:4)
  Robin (D:2)
  3 adders
  2 oozes
  2 worms
  2 dart slugs
  4 leopard geckos
  11 orcs (D:3)
  3 ball pythons (D:2)
  3 giant cockroaches
  16 goblins
  11 hobgoblins
  8 jackals (D:1)
  6 kobolds
  2 quokkas (D:3)
  7 bats
  5 frilled lizards
  11 rats
104 creatures vanquished.

Notes
Turn   | Place    | Note
-------+----------+-------------------------------------------
     0 | D:1      | grindst0ne the Formicid Fighter began the quest for the Orb.
     0 | D:1      | Reached XP level 1. HP: 18/18 MP: 1/1
    37 | D:1      | Reached XP level 2. HP: 16/24 MP: 2/2
   324 | D:1      | Reached skill level 4 in Fighting
   330 | D:1      | Reached XP level 3. HP: 18/30 MP: 3/3
  1016 | D:2      | Noticed Jessica
  1042 | D:2      | Killed Jessica
  1042 | D:2      | Reached XP level 4. HP: 24/38 MP: 4/4
  1064 | D:2      | Found a stormy altar of Qazlal.
  1236 | D:2      | Found a faded altar of an unknown god.
  1241 | D:2      | Reached skill level 5 in Fighting
  1258 | D:2      | Noticed Robin
  1280 | D:2      | Reached XP level 5. HP: 42/44 MP: 5/5
  1300 | D:2      | Killed Robin
  1371 | D:2      | Noticed Sigmund
  1399 | D:2      | Killed Sigmund
  1399 | D:2      | Reached skill level 6 in Fighting
  1399 | D:2      | Reached XP level 6. HP: 41/52 MP: 6/6
  1692 | D:2      | Found a sacrificial altar of Ru.
  1875 | D:2      | Found a blossoming altar of Fedhas.
  1934 | D:3      | Found a hazy altar of Hepliaklqana.
  2093 | D:3      | Reached XP level 7. HP: 59/59 MP: 7/7
  2379 | D:3      | Noticed Nico3ck's ghost (weakling FoFE)
  2392 | D:3      | Killed Nico3ck's ghost
  2392 | D:3      | Reached skill level 5 in Axes
  2632 | D:4      | Noticed Duvessa
  2632 | D:4      | Noticed Dowan
  2643 | D:4      | Killed Dowan
  2646 | D:4      | Slain by Duvessa

Vault maps used:
D:1:      saegor_arrival_simple_a, minmay_distorted
D:2:      fedhas_altar_4, nicolae_ru_great_annihilating_truth,
          nicolae_overflow_crystal_walls,
          chequers_ecumenical_altar_simple_redux, uniq_jessica, uniq_robin,
          uniq_sigmund
D:3:      overflow_temple_1_default
D:4:      kennysheep_ying_yang, lemuel_doored_altar, serial_shops, shop,
          uniq_pikel, uniq_duvessa

Skill      XL: |  1  2  3  4  5  6  7 |
---------------+----------------------+-----
Fighting       | 4 5 6 |  6.9
Axes           | 3 4 5 |  5.2
Armour         | |  3.2
Shields        | |  3.6

Action                   |  1- 3 |  4- 6 |  7- 9 || total
-------------------------+-------+-------+-------++-------
Melee: War axe           |   113 |   178 |    69 ||   360
 Abil: Dig               |     4 |     4 |       ||     8
  Use: Scroll            |       |       |    11 ||    11
 Stab: Paralysed         |       |     1 |       ||     1
  Eat: Chunk             |       |     5 |     2 ||     7
Armor: Scale mail        |    81 |    83 |    29 ||   193
Dodge: Dodged            |    50 |    54 |    14 ||   118
Block: Shield            |    70 |    81 |    37 ||   188
